AoeStats
← BuRiB//TPXVII

Black Forest

509225544Analyzed
3v3 RM · 6d ago on Sep 26, 2026· 46m 4s· 6 players
Game mode
Random Map
Map size
Normal (6 player)
Population
200
Speed
Normal
Resources
Standard
Victory
Conquest
Starting age
Dark Age
Ending age
Imperial Age
RankedLock teamsTeams togetherTeam positionsShared explorationLock speedFull tech treeHidden civsTurbo modeCheats
Victory
Defeat
🇺🇸 Portuguese · United States
791
+13
🇪🇸 Turks · Spain
750
+15
🇧🇷 Magyars · Brazil
722
+16
🇺🇸 Bulgarians · United States
788
-18
🇺🇸 Spanish · United States
713
-14
🇺🇸 Byzantines · United States
665
-12
Chuckles19861
0:26 Loom
13:34 Feudal Age
20:14 Castle Age
18:09 Horse Collar
19:06 Double-Bit Axe
19:41 Stone Mining
20:11 Gold Mining
23:56 Wheelbarrow
25:05 Hand Cart
26:25 Bow Saw
26:35 Heavy Plow
29:05 Stone Shaft Mining
33:11 Imperial Age
31:08 Caravan
35:30 Chemistry
35:28 Pikeman
35:47 Elite Organ Gun
37:27 Conscription
36:32 Halberdier
40:44 Two-Man Saw
40:17 Crop Rotation
39:50 Padded Archer Armor
39:40 Fletching
43:31 Arquebus
Falso 9
11:58 Feudal Age
14:40 Wheelbarrow
13:47 Horse Collar
13:55 Double-Bit Axe
22:34 Castle Age
20:31 Stone Mining
23:40 Hand Cart
23:29 Heavy Plow
23:42 Bow Saw
24:22 Treadmill Crane
26:43 Town Watch
26:57 Gold Mining
27:56 Murder Holes
30:31 Town Patrol
33:29 Imperial Age
31:52 Town Patrol
38:44 Gold Shaft Mining
38:48 Caravan
39:01 Guilds
39:12 Husbandry
39:22 Bloodlines
38:33 Heavy Camel Rider
42:11 Conscription
43:00 Two-Man Saw
42:44 Artillery
42:17 Heavy Camel Rider
43:46 Ballistics
43:50 Elite Janissary
theilor.taiariol
10:12 Feudal Age
10:40 Double-Bit Axe
20:36 Castle Age
19:35 Stone Mining
19:32 Horse Collar
23:51 Heavy Plow
24:15 Bow Saw
24:11 Gold Mining
33:44 Imperial Age
33:42 Scale Barding Armor
34:37 Gold Shaft Mining
35:37 Corvinian Army
36:01 Conscription
40:01 Chain Barding Armor
39:12 Elite Skirmisher
40:46 Padded Archer Armor
40:36 Fletching
41:24 Crop Rotation
42:57 Elite Magyar Huszar
BuRiB//TPXVII
0:28 Loom
14:42 Feudal Age
19:27 Double-Bit Axe
24:01 Castle Age
22:19 Forging
23:54 Horse Collar
26:23 Iron Casting
25:51 Scale Mail Armor
28:18 Arson
33:50 Pikeman
35:46 Chain Mail Armor
39:14 Gambesons
46:50 Wheelbarrow
BuRiB// FiFty
1:26 Loom
14:09 Feudal Age
18:52 Double-Bit Axe
19:16 Horse Collar
24:31 Castle Age
23:04 Forging
22:55 Scale Mail Armor
24:22 Padded Archer Armor
26:18 Gold Mining
26:20 Stone Mining
27:56 Wheelbarrow
27:19 Fletching
28:15 Squires
29:04 Bodkin Arrow
30:48 Heavy Plow
33:18 Gambesons
34:07 Pikeman
34:39 Arson
37:56 Husbandry
39:52 Man-at-Arms
40:02 Elite Skirmisher
41:09 Chain Mail Armor
44:23 Hand Cart
44:50 Gold Shaft Mining
48:52 Imperial Age
BuRiB//MaizerPhaser
19:30 Feudal Age
20:51 Horse Collar
22:19 Wheelbarrow
22:45 Double-Bit Axe
26:44 Castle Age
29:13 Bow Saw
31:54 Imperial Age
31:38 Hand Cart
34:23 Two-Man Saw
36:09 Heavy Plow
37:37 Gold Mining
39:27 Chemistry
38:47 Ballistics
39:45 Murder Holes
39:42 Guard Tower
41:02 Caravan
Connection lost

Rejoining the realm…

Still unreachable

The connection could not be restored.

Session expired

The server has moved on; the page needs a fresh start.